[Event "3rd Gujarat GM Open 2022"]
[Site "Ahmedabad"]
[Date "2022.04.02"]
[Round "4.5"]
[White "Balaji Sekar"]
[Black "Vignesh N R"]
[Result "1/2-1/2"]
[ECO "C54"]
[WhiteElo "1189"]
[BlackElo "2444"]
[Annotator "NA"]
[PlyCount "76"]
[EventDate "2022.03.31"]
[EventType "swiss"]
[EventCountry "IND"]
[SourceTitle "playchess.com"]
[Source "ChessBase"]
[SourceQuality "1"]
[TimeControl "5400+30"]

1. e4 e5 2. Nf3 Nc6 3. Bc4 Bc5 4. O-O Nf6 5. d3 d6 6. c3 a6 7. Bb3 h6 8. Re1 O-O 9. h3 Re8 10. Nbd2 Be6 11. Bxe6 Rxe6 12. Nf1 d5 13. Ng3 Qd7 14. Qc2 Rd8 15. Be3 Bxe3 16. Rxe3 dxe4 17. dxe4 g6 18. Ree1 Rd6 19. a4 Kg7 20. Qb3 a5 21. Qc4 Nh7 22. Nf1 Ng5 23. Nxg5 hxg5 24. Ne3 Qe6 25. Qxe6 Rxe6 26. Red1 Red6 27. Rxd6 Rxd6 28. Nc4 Rd8 29. Kf1 Kf6 30. Ke2 Ke6 31. Rd1 Ra8 32. Na3 Rc8 33. Nb5 Nb8 34. Na3 Na6 35. Nc4 b6 36. f3 f6 37. Ra1 Nc5 38. Kd1 Nb7 1/2-1/2

[Event "3rd Gujarat GM Open 2022"]
[Site "Ahmedabad"]
[Date "2022.04.02"]
[Round "4.6"]
[White "Abdisalimov, Abdimalik"]
[Black "Bhattacharyya Soham"]
[Result "1-0"]
[ECO "E73"]
[WhiteElo "2435"]
[BlackElo "2004"]
[Annotator "TA"]
[PlyCount "85"]
[EventDate "2022.03.31"]
[EventType "swiss"]
[EventCountry "IND"]
[SourceTitle "playchess.com"]
[Source "ChessBase"]
[SourceQuality "1"]
[TimeControl "5400+30"]

1. d4 Nf6 2. c4 g6 3. Nc3 Bg7 4. e4 d6 5. Be2 O-O 6. Bg5 Na6 7. Qd2 Qe8 8. Bd3 e5 9. d5 $1 c6 {[%emt 0:00:05] E73: King's Indian: Averbakh Variation without 6...c5.} 10. Nge2 cxd5 {[%emt 0:00:58] [#]} 11. exd5 $146 ({Predecessor:} 11. cxd5 Bd7 12. f3 Nc5 13. Bc2 a5 14. g4 b5 15. Ng3 b4 16. Nce2 Qb8 17. Nc1 {½-½ (44) Sielecki,C (2390)-Glek,I (2576) Belgium 2002}) 11... Bd7 {[%emt 0:09:36] White has an edge.} 12. O-O Nh5 13. Rab1 Nc5 14. Bc2 {[%emt 0:12:38] next b4 is good for White.} a5 15. Ng3 f5 (15... Nxg3 $11 16. hxg3 Rc8) 16. Nxh5 $16 gxh5 17. Be3 Qg6 18. Kh1 Kh8 19. a3 a4 20. Qd1 (20. Bxc5 $16 dxc5 21. f3) 20... Nb3 (20... Qg4 $11 {remains equal.}) 21. f4 Rg8 (21... Na5 $1 $14) 22. Bxb3 axb3 23. Qxb3 Bh6 (23... h4 $16 {is a better defense.}) 24. Qc2 {[%emt 0:00:37] Active counter play!} (24. Rf2 $18) 24... Qg4 ({Black should play} 24... Rac8) 25. Qf2 Bxf4 (25... h4 $16 {keeps fighting.}) 26. Bxf4 $18 exf4 27. h3 Qg5 28. Rbe1 Rac8 29. Qd4+ Rg7 {[%emt 0:00:01][%csl Gg7][%cal Rg5g2] [#]} 30. Re2 Re8 {[%emt 0:01:29] White must now prevent ...Rxe2.} 31. Qxf4 Qxf4 32. Rxe8+ ({Less strong is} 32. Rxf4 Rge7 $16) 32... Bxe8 33. Rxf4 {[%emt 0:00:06][%mdl 4096] Endgame KRB-KRN} Bd7 34. Nb5 Bxb5 35. cxb5 {[%emt 0:00:02] KR-KR} Rc7 36. Rxf5 Rc2 $2 {[%emt 0:00:08] [#]} (36... Kg7 37. Rg5+ Kf6 38. Rxh5 b6) 37. Rf7 b6 38. Rb7 Rc5 39. Rxb6 Rxd5 40. a4 (40. Rb7 $142 Kg8 41. a4 Rd1+ 42. Kh2 Ra1 43. Ra7 Rf1 44. b6 Rf4 45. b7) 40... Rd2 41. a5 {[%emt 0:00:10][%cal Ba4a5,Ba5a6][%mdl 32] White mates.} Rxb2 42. a6 Ra2 43. Rb7 {[%emt 0:00:05] Weighted Error Value: White=0.15 (very precise) /Black=0.76} 1-0

[Event "3rd Gujarat GM Open 2022"]
[Site "Ahmedabad"]
[Date "2022.04.02"]
[Round "4.7"]
[White "Nitin, S.."]
[Black "Bhosale Shriraj"]
[Result "1-0"]
[ECO "B12"]
[WhiteElo "2427"]
[BlackElo "1959"]
[Annotator "NA"]
[PlyCount "135"]
[EventDate "2022.03.31"]
[EventType "swiss"]
[EventCountry "IND"]
[SourceTitle "playchess.com"]
[Source "ChessBase"]
[SourceQuality "1"]
[TimeControl "5400+30"]

1. e4 c6 2. d4 d5 3. e5 c5 4. Nf3 Bg4 5. dxc5 Nc6 6. Bb5 Qa5+ 7. Nc3 e6 8. Be3 Nge7 9. O-O a6 10. Ba4 Nf5 11. h3 Bxf3 12. Qxf3 Bxc5 13. Nxd5 Qxa4 14. Bxc5 Qc4 15. Nc7+ Kd7 16. Nxa8 Qxc5 17. g4 Nh6 18. Rfd1+ Ke7 19. b4 Qa7 20. Nc7 Nxe5 21. Qc3 f6 22. Nb5 Qb8 23. Qc5+ Kf7 24. Nd6+ Kg6 25. Qe3 Nhf7 26. Nxf7 Nxf7 27. Qxe6 Qf4 28. Rd4 Qf3 29. Qe4+ Qxe4 30. Rxe4 Rc8 31. Rc1 Ng5 32. Re3 Rc4 33. c3 h5 34. gxh5+ Kxh5 35. Rd1 f5 36. Rd4 Rc6 37. Kf1 b5 38. Rd5 g6 39. Ke2 Kh6 40. Rc5 Rd6 41. c4 f4 42. Re8 Rd4 43. cxb5 Rxb4 44. Rh8+ Kg7 45. Rxg5 Kxh8 46. bxa6 Ra4 47. Rxg6 Kh7 48. Rb6 Ra3 49. h4 f3+ 50. Kd2 Rxa2+ 51. Ke3 Ra3+ 52. Kf4 Kg7 53. h5 Kh7 54. Ke4 Kg7 55. Kf4 Kh7 56. Rg6 Rb3 57. Kg4 Ra3 58. Rc6 Kg7 59. Rc7+ Kh6 60. Ra7 Ra4+ 61. Kxf3 Kxh5 62. Ra8 Kg6 63. Ke3 Ra3+ 64. Kd4 Ra5 65. Kc4 Kg7 66. a7 Ra4+ 67. Kb3 Ra6 68. f4 1-0

[Event "3rd Gujarat GM Open 2022"]
[Site "Ahmedabad"]
[Date "2022.04.02"]
[Round "4.8"]
[White "Ilamparthi A R"]
[Black "Hesham, Abdelrahman"]
[Result "0-1"]
[ECO "A24"]
[WhiteElo "1969"]
[BlackElo "2425"]
[Annotator "NA"]
[PlyCount "104"]
[EventDate "2022.03.31"]
[EventType "swiss"]
[EventCountry "IND"]
[SourceTitle "playchess.com"]
[Source "ChessBase"]
[SourceQuality "1"]
[TimeControl "5400+30"]

1. Nf3 Nf6 2. g3 g6 3. Bg2 Bg7 4. c4 O-O 5. O-O d6 6. Nc3 e5 7. d3 h6 8. Rb1 Re8 9. Nd2 c6 10. b4 d5 11. b5 Be6 12. bxc6 bxc6 13. Qa4 Qc8 14. Ba3 Nbd7 15. cxd5 cxd5 16. Nb5 Nb6 17. Qa5 Qd7 18. Nb3 a6 19. Nc3 Qd8 20. Nc5 Nbd7 21. Qxd8 Rexd8 22. Nxe6 fxe6 23. Bh3 Kf7 24. Rb7 Rac8 25. Na4 Rc6 26. Rc1 Rxc1+ 27. Bxc1 Bf8 28. Ra7 Rc8 29. Bb2 Bd6 30. Rxa6 Ke7 31. Nb6 Rc2 32. e3 g5 33. Nxd7 Nxd7 34. Ba3 Bxa3 35. Rxa3 Nc5 36. Bf1 Rd2 37. Ra7+ Kf6 38. Ra3 g4 39. h3 gxh3 40. Bxh3 Nxd3 41. Ra6 Nxf2 42. Rxe6+ Kg7 43. Bg2 e4 44. Rd6 Ng4 45. Bxe4 Rd1+ 46. Kg2 dxe4 47. Rxd1 Nxe3+ 48. Kf2 Nxd1+ 49. Ke2 Nc3+ 50. Ke3 Nxa2 51. Kxe4 Kg6 52. Kf3 Kg5 0-1

[Event "3rd Gujarat GM Open 2022"]
[Site "Ahmedabad"]
[Date "2022.04.02"]
[Round "4.9"]
[White "Neelotpal, Das"]
[Black "Pawar, Harshit"]
[Result "1-0"]
[ECO "B01"]
[WhiteElo "2409"]
[BlackElo "1921"]
[Annotator "NA"]
[PlyCount "65"]
[EventDate "2022.03.31"]
[EventType "swiss"]
[EventCountry "IND"]
[SourceTitle "playchess.com"]
[Source "ChessBase"]
[SourceQuality "1"]
[TimeControl "5400+30"]

1. e4 d5 2. exd5 Qxd5 3. Nc3 Qa5 4. d4 c6 5. Bd2 Nf6 6. Bc4 Bf5 7. Nd5 Qd8 8. Nxf6+ exf6 9. Qe2+ Be7 10. O-O-O Qxd4 11. Be3 Qe4 12. Nf3 Be6 13. Rd4 Bxc4 14. Rxc4 Qe6 15. Nd4 Qd5 16. Rd1 O-O 17. Nxc6 Qe6 18. Nxe7+ Qxe7 19. Qg4 Re8 20. Re4 Qf8 21. Bc5 Rxe4 22. Qxe4 Qc8 23. Qxb7 Nc6 24. Qxc8+ Rxc8 25. b4 a6 26. Kb2 h5 27. h4 Rb8 28. a3 Ne5 29. Kb3 a5 30. c4 g5 31. hxg5 a4+ 32. Kc3 fxg5 33. Rd5 1-0

[Event "3rd Gujarat GM Open 2022"]
[Site "Ahmedabad"]
[Date "2022.04.02"]
[Round "4.10"]
[White "Anilkumar, O.T."]
[Black "Gusain, Himal"]
[Result "1-0"]
[ECO "D00"]
[WhiteElo "1915"]
[BlackElo "2408"]
[Annotator "TA"]
[PlyCount "91"]
[EventDate "2022.03.31"]
[EventType "swiss"]
[EventCountry "IND"]
[SourceTitle "playchess.com"]
[Source "ChessBase"]
[SourceQuality "1"]
[TimeControl "5400+30"]

1. d4 d5 2. Bf4 c5 3. e3 Nc6 4. c3 Qb6 5. Qb3 c4 6. Qc2 {[%emt 0:07:16] D00: 1 d4 d5: Unusual lines.} Bf5 {[%emt 0:10:01] 6...e5 might become the main line.} 7. Qxf5 {[%emt 0:08:56] [#]} e5 $146 {[%emt 0:02:16] [#]} (7... Qxb2 $16 8. Qxd5 Qxa1) ({Predecessor:} 7... Qxb2 8. Qxd5 Qxa1 9. Qb5 e5 10. Qxb7 Rb8 11. Qxc6+ Kd8 12. Qd5+ Kc8 13. Qxc4+ Kd7 {1-0 (20) Dastan,B (2552)-Sanal,V (2515) Ankara 2018}) 8. Nd2 $1 $18 {[%emt 0:01:06] White is clearly better.} g6 (8... Nge7 9. Qc2) 9. Qc2 exf4 10. exf4 (10. e4 $18 Nf6 11. exd5 Nxd5 12. Bxc4 (12. Nxc4 Qd8 $16)) 10... Nf6 11. g3 O-O-O 12. Ngf3 Re8+ (12... h5 $16 13. Ne5 (13. Bh3+ Kb8 $16) 13... Qc7) 13. Ne5 g5 (13... Nh5 $142) 14. Qf5+ (14. fxg5 Nxe5 15. O-O-O Ne4 $15) 14... Re6 15. O-O-O (15. fxg5 Qxb2 16. Rb1 Qxc3 $14) 15... Ne7 16. Qc2 ({Don't take} 16. Qxg5 Rg8 $18) 16... Rg8 (16... gxf4 {was worth a try.} 17. Nxf7 Rg8) 17. fxg5 Rxg5 18. Bh3 Rh5 19. Bxe6+ Qxe6 20. Rde1 Nfg8 (20... Nc6 $142 21. Ng6 Qd6) 21. f4 Qa6 22. Qd1 Rf5 23. Kb1 Nh6 24. Ng4 Nhg8 25. Re5 {[%emt 0:00:23] White is clearly winning.} Qg6 26. Ka1 f6 27. Re6 h5 {[%emt 0:01:16] [#]} 28. Ne5 Rxe5 (28... Qe8 29. Nef3) 29. dxe5 Qf7 {[%emt 0:00:21] [#]} 30. Rxf6 $1 Nxf6 31. exf6 Ng8 32. Nf3 Nxf6 33. Ng5 Qg6 34. Qb1 Qxb1+ 35. Kxb1 {[%emt 0:00:02][%mdl 4096] Endgame KRN-KBN} Kd7 36. Re1 Bh6 37. Re5 b5 (37... Bf8 $142 38. Rf5 Be7) 38. a3 a5 39. Kc2 Bf8 40. Rf5 Be7 41. Nf3 Kd6 42. Nd4 Kc5 43. Re5 {[%emt 0:00:21] Threatening mate with Re6.} Bd6 44. Re6 Ng4 45. h3 Nf2 {[%emt 0:00:05] [#]} 46. Nxb5 $1 {[%emt 0:00:09] Weighted Error Value: White=0.24 (precise) /Black=0.58} 1-0

[Event "3rd Gujarat GM Open 2022"]
[Site "Ahmedabad"]
[Date "2022.04.02"]
[Round "4.11"]
[White "Srihari L R"]
[Black "Vaibhav Kalpaka"]
[Result "1-0"]
[ECO "D35"]
[WhiteElo "2400"]
[BlackElo "1859"]
[Annotator "TA"]
[PlyCount "65"]
[EventDate "2022.03.31"]
[EventType "swiss"]
[EventCountry "IND"]
[SourceTitle "playchess.com"]
[Source "ChessBase"]
[SourceQuality "1"]
[TimeControl "5400+30"]

1. d4 {[%emt 1:31:00] Duda,Jan Krzysztof} d5 2. c4 e6 3. Nc3 Nf6 4. cxd5 Nxd5 5. Nf3 Nxc3 6. bxc3 {[%emt 0:00:30] D35: Queen's Gambit Declined: Exchange Variation.} c5 7. Rb1 cxd4 8. cxd4 {[%emt 0:00:30] The position is equal.} Nc6 9. e4 Bb4+ 10. Bd2 Bxd2+ 11. Qxd2 O-O 12. Bb5 Ne7 13. O-O b6 14. Rfe1 Bb7 15. h4 {[%emt 0:00:30] [#]} Qd6 $146 ({Predecessor:} 15... Rc8 16. h5 h6 17. Ne5 Qd6 18. Rb3 f5 19. f3 a6 20. Bf1 b5 21. Qe3 Rfd8 {1-0 (90) So,W (2770)-Duda,J (2743) chess24.com INT 2021 CBM 201 [Duda,Jan Krzysztof]}) 16. h5 h6 17. d5 exd5 (17... Rad8 $14) 18. e5 $1 $16 Qe6 ({Better is} 18... Qd8) 19. Nd4 {[%emt 0:00:30][%mdl 1024] White has strong compensation.} Qg4 20. Be2 $1 $36 {[%emt 0:00:30][%mdl 2048] White is on the roll.} Qg5 {[%emt 0:00:30][%mdl 8192] Black cannot hold the game after this.} (20... Qd7 $16) 21. f4 $1 $18 Qh4 22. Rb3 $1 {[%emt 0:00:30] Strongly threatening Rh3.} Bc8 {[%emt 0:00:30] [#] Against Rh3} (22... Nc6) 23. g3 $1 Qh3 24. g4 $1 Qh4 {[%emt 0:00:30] [#]} 25. Kg2 $1 Ng6 26. hxg6 {[%emt 0:00:30] Active counter play!} Qe7 27. gxf7+ Rxf7 28. e6 Rf6 29. f5 Bb7 30. Rg3 Raf8 31. Rc1 g6 32. Qxh6 {[%emt 0:00:30] g5 would kill now.} Qb4 {[%emt 0:00:30] [#]} 33. Rh3 $1 {[%emt 0:00:30] Weighted Error Value: White=0.03 (flawless) /Black=0.76} 1-0

[Event "3rd Gujarat GM Open 2022"]
[Site "Ahmedabad"]
[Date "2022.04.02"]
[Round "4.12"]
[White "Vrashank Chouhan"]
[Black "Del Rey, Diego"]
[Result "1/2-1/2"]
[ECO "D02"]
[WhiteElo "1790"]
[BlackElo "2370"]
[Annotator "TA"]
[PlyCount "47"]
[EventDate "2022.03.31"]
[EventType "swiss"]
[EventCountry "IND"]
[SourceTitle "playchess.com"]
[Source "ChessBase"]
[SourceQuality "1"]
[TimeControl "5400+30"]

1. d4 d5 2. Bf4 Nf6 3. e3 e6 4. Nf3 c5 5. Nbd2 Nc6 6. c3 cxd4 $1 {[%emt 0:00:30][%mdl 4] is now more promising than 6...Bd6.} 7. exd4 {[%emt 0:00:30] D02: 1 d4 d5 2 Nf3 sidelines, including 2...Nf6 3 g3 and 2...Nf6 3 Bf4.} ({Much weaker is} 7. Nxd4 Bd6) 7... Nh5 8. Be3 Bd6 9. Ne5 g6 10. g4 {[%emt 0:00:30] [#] Black must now prevent Nxc6.} Ng7 11. h4 h5 12. Bb5 Bd7 {[%emt 0:00:30] [#]} 13. Bg5 $146 ({Predecessor:} 13. Bxc6 Bxc6 14. Bg5 Qb6 15. Bf6 Kf8 16. Nb3 hxg4 17. Qxg4 Rh7 18. O-O-O Nh5 19. Qg5 {½-½ (32) Cziko,E (2447)-Schmidt,T (2432) ICCF email 2020}) 13... Qc7 (13... Qb6 $5 14. Nxd7 Kxd7 $11) 14. Bxc6 Bxc6 15. Bf6 Rg8 16. Ndf3 hxg4 17. Nxg4 Nh5 18. Ng5 Be7 (18... Bb5 $1 $11) 19. Be5 $14 Bd6 20. Bf6 Be7 21. Be5 (21. Qf3 $5 Qf4 22. Qxf4 Nxf4 23. Kd2 $11) 21... Bd6 22. Nxf7 $2 {[%emt 0:00:30] [#]} Kxf7 $19 23. Nh6+ Ke8 $2 (23... Ke7 $17 24. Nxg8+ Rxg8 25. Bxd6+ Qxd6) 24. Ng4 $2 {[%emt 0:00:30] Weighted Error Value: White=0.33/Black=0.20 (precise)} (24. Bxd6 $11 Qxd6 25. Nxg8) 1/2-1/2

[Event "3rd Gujarat GM Open 2022"]
[Site "Ahmedabad"]
[Date "2022.04.02"]
[Round "4.13"]
[White "Majumder Shrayan"]
[Black "Ritviz, Parab"]
[Result "1/2-1/2"]
[ECO "D07"]
[WhiteElo "1686"]
[BlackElo "2349"]
[Annotator "TA"]
[PlyCount "94"]
[EventDate "2022.03.31"]
[EventType "swiss"]
[EventCountry "IND"]
[SourceTitle "playchess.com"]
[Source "ChessBase"]
[SourceQuality "1"]
[TimeControl "5400+30"]

1. d4 d5 2. c4 Nc6 3. e3 e5 4. cxd5 Qxd5 5. Nc3 Bb4 6. Bd2 Bxc3 7. bxc3 Nf6 8. c4 Qd6 9. d5 Ne7 10. Rb1 {[%emt 0:00:00] D07: Queen's Gambit: Chigorin Defence.} a5 11. f3 e4 12. Bc3 {[%emt 0:00:00] [#]} O-O $146 {[%emt 0:00:56] White must now prevent ...Nf5.} ({Predecessor:} 12... Nf5 13. Qd2 O-O 14. g4 exf3 15. gxf5 Ne4 16. Qd4 f2+ 17. Ke2 Nxc3+ 18. Qxc3 Bxf5 {1-0 (52) Simson,U-Kiik,K (2411) Puhajarve 2018}) 13. Bxf6 Qxf6 14. fxe4 (14. Qd4 $1 $11) 14... Qh4+ $17 15. Kd2 Qxe4 {[%emt 0:01:16] [#] Hoping for ...Nf5.} 16. Qc2 Qg4 {[%emt 0:04:53] aiming for ...Bf5.} ({Don't play} 16... Qxc2+ $6 17. Kxc2 c6 18. e4 $15) 17. Bd3 c6 ({Weaker is} 17... Qxg2+ 18. Ne2 $17) 18. Bxh7+ Kh8 19. Qe4 Qxe4 (19... Qg5 $17 20. Nf3 Qxg2+ 21. Kc3 Re8) 20. Bxe4 $11 {[%emt 0:00:00] Strongly threatening d6.} Rd8 21. Ne2 cxd5 22. cxd5 Nxd5 {[%emt 0:01:12] [#] Threatens to win with ...Nf6+.} 23. Nd4 Be6 24. Rxb7 Nf6 25. Bf3 $36 {[%emt 0:04:02][%mdl 2048] White has good play.} Bxa2 26. Ra1 Be6 27. Rb5 Rac8 28. Raxa5 Rc7 29. Rc5 Re7 30. Ke2 {[%emt 0:00:49] And now Nc6 would win.} Bd7 31. Nc6 {[%emt 0:00:41] &Bianco is more active.} Bxc6 32. Rxc6 Rb8 33. Rac5 Kh7 34. Rc7 Rb2+ 35. Rc2 Rxc2+ 36. Rxc2 $14 {[%emt 0:00:03][%mdl 4096] Endgame KRB-KRN} g5 37. Rc4 Kg6 38. Kf2 Ra7 39. h3 Ra2+ 40. Kg3 Ra3 41. Kf2 Ra2+ 42. Kg3 Ra3 {[%emt 0:00:05] The position is equal.} 43. e4 Nd7 44. Rd4 Ne5 45. Rd6+ f6 46. Rd8 Rb3 47. Rh8 Kg7 {[%emt 0:00:12] Weighted Error Value: White=0.12 (very precise) /Black=0.11 (very precise)} 1/2-1/2

[Event "3rd Gujarat GM Open 2022"]
[Site "Ahmedabad"]
[Date "2022.04.02"]
[Round "4.14"]
[White "Savchenko, Boris"]
[Black "Chitlange Sakshi"]
[Result "1-0"]
[ECO "E25"]
[WhiteElo "2535"]
[BlackElo "2205"]
[Annotator "ChessBase"]
[PlyCount "91"]
[EventDate "2022.03.31"]
[EventType "swiss"]
[EventCountry "IND"]
[SourceTitle "playchess.com"]
[Source "ChessBase"]
[SourceQuality "1"]
[TimeControl "5400+30"]

1. d4 Nf6 2. c4 e6 3. Nc3 Bb4 4. a3 Bxc3+ 5. bxc3 c5 6. f3 d5 7. cxd5 Nxd5 8. dxc5 Qa5 9. e4 Nf6 10. Be3 O-O 11. Kf2 Rd8 12. Qb3 Nfd7 13. Rd1 Rf8 14. Ne2 Na6 15. c6 bxc6 16. Nd4 Nac5 17. Qc2 Qc7 18. Rd2 Nb6 19. Be2 Bd7 20. Rhd1 Qxh2 21. Nf5 Nca4 22. Ng3 Qh4 23. Rh1 Qe7 24. e5 f5 25. exf6 gxf6 26. Rh4 c5 27. Rxd7 Qxd7 28. Bb5 Qe7 29. Rg4+ Kh8 30. Bh6 Rg8 31. Bxa4 f5 32. Rxg8+ Rxg8 33. Bf4 e5 34. Qe2 e4 35. Bc6 Rf8 36. Bh6 Rf7 37. Qd2 e3+ 38. Bxe3 Nc4 39. Bd4+ cxd4 40. Qxd4+ Qf6 41. Qxc4 Rc7 42. Qb4 Qd8 43. Bd5 h6 44. Qd4+ Kh7 45. Nxf5 Qg5 46. Be4 1-0

[Event "3rd Gujarat GM Open 2022"]
[Site "Ahmedabad"]
[Date "2022.04.02"]
[Round "4.15"]
[White "Gaurav Rajesh Zagade"]
[Black "Stany, G.A."]
[Result "1/2-1/2"]
[ECO "E04"]
[WhiteElo "2174"]
[BlackElo "2517"]
[Annotator "ChessBase"]
[PlyCount "78"]
[EventDate "2022.03.31"]
[EventType "swiss"]
[EventCountry "IND"]
[SourceTitle "playchess.com"]
[Source "ChessBase"]
[SourceQuality "1"]
[TimeControl "5400+30"]

1. d4 Nf6 2. c4 e6 3. g3 d5 4. Bg2 dxc4 5. Nf3 Bd7 6. Nbd2 Bc6 7. Nxc4 Bd5 8. Nce5 Be7 9. O-O O-O 10. b3 a5 11. Nd3 Nc6 12. Bb2 a4 13. bxa4 Ra7 14. Qc2 Be4 15. Rfc1 Qd5 16. Qb3 Rfa8 17. Nc5 Bxc5 18. Rxc5 Qd8 19. e3 Rxa4 20. a3 Bd5 21. Qd1 Ne4 22. Rcc1 Nd6 23. Nd2 Bxg2 24. Kxg2 Qd7 25. Qc2 h6 26. h4 R8a7 27. Kg1 Qd8 28. Qb3 R4a5 29. Rc5 Ne7 30. Rac1 c6 31. e4 Nb5 32. Nc4 Ra4 33. Rd1 b6 34. Rxb5 cxb5 35. Qxb5 R4a6 36. d5 exd5 37. exd5 Qd7 38. Qb3 b5 39. Ne5 Qd6 1/2-1/2

[Event "3rd Gujarat GM Open 2022"]
[Site "Ahmedabad"]
[Date "2022.04.02"]
[Round "4.16"]
[White "Harsha Bharathakoti"]
[Black "Jain Kashish Manoj"]
[Result "1/2-1/2"]
[ECO "C02"]
[WhiteElo "2499"]
[BlackElo "2162"]
[Annotator "ChessBase"]
[PlyCount "101"]
[EventDate "2022.03.31"]
[EventType "swiss"]
[EventCountry "IND"]
[SourceTitle "playchess.com"]
[Source "ChessBase"]
[SourceQuality "1"]
[TimeControl "5400+30"]

1. e4 e6 2. d4 d5 3. e5 c5 4. c3 Nc6 5. Nf3 Qb6 6. a3 c4 7. Nbd2 Na5 8. Rb1 Bd7 9. h4 O-O-O 10. g3 Kb8 11. Bh3 h6 12. Kf1 Ne7 13. Kg2 Nc8 14. h5 Be7 15. Qc2 Rdf8 16. Ng1 Nb3 17. Nf1 Ba4 18. Qe2 Na5 19. Bf4 g5 20. Be3 Qb3 21. Re1 Qc2 22. f4 Rhg8 23. fxg5 Bxg5 24. Nf3 Bxe3 25. Qxc2 Bxc2 26. Nxe3 Bd3 27. Ng4 Rh8 28. Nf6 Kc7 29. g4 Nb6 30. Kg3 Nd7 31. Nxd7 Kxd7 32. Rh2 Rfg8 33. Rf2 Ke7 34. Kh4 Nc6 35. Bf1 Bxf1 36. Rexf1 Ke8 37. Ne1 Rh7 38. a4 Rgg7 39. Nc2 Kd7 40. Ne3 Ke8 41. Rf6 Ke7 42. Nd1 Nb8 43. Nf2 Rg8 44. Nh3 Nd7 45. R6f4 Rhg7 46. Ng1 f5 47. exf6+ Nxf6 48. Rxf6 Rxg4+ 49. Kh3 Rg3+ 50. Kh2 Rg2+ 51. Kh3 1/2-1/2

[Event "3rd Gujarat GM Open 2022"]
[Site "Ahmedabad"]
[Date "2022.04.02"]
[Round "4.17"]
[White "Singh Ojasva"]
[Black "Chanda, Sandipan"]
[Result "1/2-1/2"]
[ECO "C91"]
[WhiteElo "2141"]
[BlackElo "2485"]
[Annotator "ChessBase"]
[PlyCount "69"]
[EventDate "2022.03.31"]
[EventType "swiss"]
[EventCountry "IND"]
[SourceTitle "playchess.com"]
[Source "ChessBase"]
[SourceQuality "1"]
[TimeControl "5400+30"]

1. e4 e5 2. Nf3 Nc6 3. Bb5 a6 4. Ba4 Nf6 5. O-O d6 6. Re1 b5 7. Bb3 Be7 8. c3 O-O 9. d4 Bg4 10. d5 Na5 11. Bc2 c6 12. h3 Bc8 13. dxc6 Nxc6 14. Nbd2 h6 15. Nf1 Be6 16. Ng3 Re8 17. Nh4 Nxe4 18. Nxe4 d5 19. Nf3 dxe4 20. Bxe4 Qc7 21. Bxc6 Qxc6 22. Nxe5 Qc7 23. Bf4 Bd6 24. Qf3 Rad8 25. Nd3 Bc4 26. Rxe8+ Rxe8 27. Bxd6 Qxd6 28. Nf4 Bxa2 29. Rxa2 Re1+ 30. Kh2 g5 31. b4 gxf4 32. Qg4+ Kh7 33. Qf5+ Kg7 34. Qg4+ Kh7 35. Qf5+ 1/2-1/2

[Event "3rd Gujarat GM Open 2022"]
[Site "Ahmedabad"]
[Date "2022.04.02"]
[Round "4.18"]
[White "Ramnathan, Balasubramaniam"]
[Black "Krishna C R G"]
[Result "0-1"]
[ECO "C00"]
[WhiteElo "2141"]
[BlackElo "2466"]
[Annotator "ChessBase"]
[PlyCount "72"]
[EventDate "2022.03.31"]
[EventType "swiss"]
[EventCountry "IND"]
[SourceTitle "playchess.com"]
[Source "ChessBase"]
[SourceQuality "1"]
[TimeControl "5400+30"]

1. e4 e6 2. d3 d5 3. Nd2 Nf6 4. g3 c5 5. Bg2 g6 6. Ne2 Nc6 7. O-O Bg7 8. h3 O-O 9. f4 a5 10. g4 Ne8 11. e5 f6 12. exf6 Qxf6 13. Nf3 b6 14. a3 Ba6 15. Rb1 Nc7 16. Bd2 Qe7 17. Ng3 Qd6 18. Qe2 Rae8 19. Rbe1 Bxb2 20. c3 Nb5 21. Ng5 Nxc3 22. Qf2 Na4 23. f5 Bd4 24. Be3 exf5 25. Bxd4 Rxe1 26. Qxe1 Nxd4 27. gxf5 Bxd3 28. fxg6 Bxf1 29. gxh7+ Kh8 30. Nxf1 Qf6 31. h4 Nf5 32. Kh2 Nb2 33. Kh3 Nd3 34. Qd2 Qh6 35. Bxd5 Qxh4+ 36. Kg2 Nf4+ 0-1

[Event "3rd Gujarat GM Open 2022"]
[Site "Ahmedabad"]
[Date "2022.04.03"]
[Round "5.3"]
[White "Srihari L R"]
[Black "Abdisalimov, Abdimalik"]
[Result "1/2-1/2"]
[ECO "D11"]
[WhiteElo "2400"]
[BlackElo "2435"]
[Annotator "ChessBase"]
[PlyCount "84"]
[EventDate "2022.03.31"]
[EventType "swiss"]
[EventCountry "IND"]
[SourceTitle "playchess.com"]
[Source "ChessBase"]
[SourceQuality "1"]
[TimeControl "5400+30"]

1. d4 d5 2. c4 c6 3. Nf3 Nf6 4. g3 Bf5 5. Bg2 e6 6. Nc3 Nbd7 7. Nh4 dxc4 8. Nxf5 exf5 9. d5 cxd5 10. O-O Nb6 11. Be3 Be7 12. Bxb6 axb6 13. Nxd5 b5 14. Ne3 Qc8 15. a4 Bc5 16. Nd5 Nxd5 17. Qxd5 O-O 18. axb5 Rxa1 19. Rxa1 b6 20. e3 Qe6 21. Qxe6 fxe6 22. Bf1 Kf7 23. Bxc4 Rd8 24. b3 Kf6 25. Kf1 Rd7 26. Ra8 Rd1+ 27. Ke2 Rd7 28. Rb8 Rd6 29. Rb7 Bb4 30. h3 h5 31. f4 g6 32. Kf3 h4 33. g4 g5 34. Rh7 Kg6 35. Rh8 gxf4 36. exf4 Be1 37. g5 Bc3 38. Re8 Kf7 39. Rc8 Bb4 40. Rc7+ Kg6 41. Rc6 Kf7 42. Rc7+ Kg6 1/2-1/2

[Event "3rd Gujarat GM Open 2022"]
[Site "Ahmedabad"]
[Date "2022.04.03"]
[Round "5.7"]
[White "De Silva, L M S T"]
[Black "Fawzy, Adham"]
[Result "1/2-1/2"]
[ECO "B30"]
[WhiteElo "2220"]
[BlackElo "2476"]
[Annotator "ChessBase"]
[PlyCount "78"]
[EventDate "2022.03.31"]
[EventType "swiss"]
[EventCountry "IND"]
[SourceTitle "playchess.com"]
[Source "ChessBase"]
[SourceQuality "1"]
[TimeControl "5400+30"]

1. e4 c5 2. Nf3 Nc6 3. Bb5 e6 4. O-O Nge7 5. Re1 b6 6. d4 cxd4 7. Nxd4 Nxd4 8. Qxd4 Bb7 9. Nc3 a6 10. Ba4 b5 11. Bb3 Nc6 12. Qd1 Bc5 13. Be3 d6 14. Qh5 O-O 15. Rad1 Qf6 16. Bxc5 g6 17. Bd4 Nxd4 18. Qh3 Rac8 19. Qd3 Nxb3 20. cxb3 Rfd8 21. Qd4 Qe5 22. h3 Qc5 23. a3 Qxd4 24. Rxd4 Kf8 25. Red1 Ke7 26. f3 g5 27. Kf2 Rc5 28. g4 Bc6 29. b4 Re5 30. Ne2 f5 31. exf5 exf5 32. Ng3 fxg4 33. hxg4 Rf8 34. Nf5+ Rfxf5 35. gxf5 Rxf5 36. Rxd6 Bxf3 37. Rd7+ Ke6 38. R1d6+ Ke5 39. Ke3 Be4 1/2-1/2